 Dungeon Crawl Stone Soup version 0.19.0 (webtiles) character file.

41 CanadianGator the Bolt Thrower (level 3, -5/22 HPs)
             Began as a Kobold Hunter on Nov 17, 2016.
             Slain by a gnoll
             ... wielding a +0 halberd
              (14 damage)
             ... on level 2 of the Dungeon.
             The game lasted 00:05:14 (1488 turns).

CanadianGator the Bolt Thrower (Kobold Hunter)      Turns: 1488, Time: 00:05:15

Health: -5/22      AC:  3    Str:  9    XL:     3   Next: 75%
Magic:  3/3        EV: 15    Int: 12    God:
Gold:   128        SH:  0    Dex: 16    Spells: 0 memorised, 2 levels left

rFire  . . .     SeeInvis .     b - +0 short sword
rCold  . . .     Gourm    .     c - +0 leather armour
rNeg   . . .     Faith    .     (shield restricted)
rPois  .         Spirit   .     (no helmet)
rElec  .         Reflect  .     (no cloak)
rCorr  .         Harm     .     (no gloves)
MR     .....                    (no boots)
Stlth  ++........               (no amulet)
                                (no ring)
                                h - ring of flight

@: no status effects
A: carnivore 3
a: Evoke Flight


You were on level 2 of the Dungeon.
You were completely stuffed.

You visited 1 branch of the dungeon, and saw 2 of its levels.

You collected 128 gold pieces.

Inventory:

Hand Weapons
 a - a +1 hand crossbow
 b - a +0 short sword (weapon)
 j - a +0 dagger
Missiles
 d - 26 bolts
Armour
 c - a +0 leather armour (worn)
Jewellery
 h - a ring of flight (left hand)
 s - an uncursed ring of protection from cold {unknown}
Wands
 l - a wand of slowing (16/48)
Scrolls
 e - a scroll of random uselessness {unknown}
 g - a scroll of noise {unknown}
 k - a scroll of remove curse {unknown}
 m - a scroll of immolation {unknown}
 n - a scroll of blinking {unknown}
 o - 3 scrolls of magic mapping {unknown}
 r - a scroll of teleportation {unknown}
Potions
 i - a potion of degeneration {unknown}
 p - a potion of curing {unknown}
 q - a potion of brilliance {unknown}
Comestibles
 f - a meat ration


   Skills:
 + Level 2.3 Fighting
 * Level 2.0 Short Blades
 * Level 5.1 Crossbows
 * Level 3.1 Dodging
 * Level 2.3 Stealth


You had 2 spell levels left.
You didn't know any spells.

Dungeon Overview and Level Annotations

Branches:
Dungeon (2/15)

Altars:
Ashenzari
Qazlal


Innate Abilities, Weirdness & Mutations

You are small and have problems with some larger weapons.
You are carnivorous and can eat meat at any time.


Message History

Press: ? - help, Shift-Dir - straight line, f - gnoll, p - gnoll
Aim: a gnoll, wielding a halberd (lightly wounded)
You shoot a bolt. The bolt closely misses the gnoll. x2
The bolt misses the adder.
The gnoll shouts!
The gnoll misses you.
A gnoll comes into view. It is wielding a spear.
Wield which item (- for none, * to show all)? (? for menu, Esc to quit)
b - a +0 short sword (weapon)
The gnoll hits you with a halberd.
The gnoll hits you from afar with a halberd!
The gnoll shouts!
You hit the gnoll.
The gnoll is heavily wounded.
The gnoll misses you. x2
You hit the gnoll but do no damage.
The gnoll is heavily wounded.
The gnoll hits you with a halberd!
Ouch! That really hurt!
You die...

####### ... #.....#
.(. #.....# #g#
#.....# #g# #.....#
#S# #.....# # #g# #
###.### #.##g##.#
##.## #.[.@..?#
#####...########.####
#................#
........##########
.........##
..........##
##.####.#
...........#
......#.#
..........## ###
..##......#
.........## #.
..##..#.......#


You could see 4 gnolls and an adder.

Vanquished Creatures
  A worm (D:2)
  A dart slug (D:1)
  2 leopard geckos
  6 bats
  3 giant cockroaches (D:2)
  4 goblins (D:1)
  5 hobgoblins
  3 kobolds (D:1)
  3 frilled lizards
  5 rats
33 creatures vanquished.

Notes
Turn   | Place    | Note
-------+----------+-------------------------------------------
     0 | D:1      | CanadianGator the Kobold Hunter began the quest for the Orb.
     0 | D:1      | Reached XP level 1. HP: 12/12 MP: 1/1
   210 | D:1      | Reached skill level 1 in Short Blades
   210 | D:1      | Reached skill level 5 in Crossbows
   313 | D:1      | Reached XP level 2. HP: 17/17 MP: 2/2
   856 | D:1      | Reached XP level 3. HP: 21/21 MP: 3/3
  1368 | D:2      | Found a stormy altar of Qazlal.
  1369 | D:2      | Found a shattered altar of Ashenzari.
  1488 | D:2      | Slain by a gnoll

Skill      XL: |  1  2  3 |
---------------+----------+-----
Short Blades   | 1 2 |  2.0
Crossbows      | 5 |  5.1
Dodging        | 3 |  3.1
Stealth        | 2 |  2.3
Fighting       | |  2.3

Action                   || total
-------------------------++-------
Melee: Short sword       ||    28
 Fire: Hand crossbow     ||    44
  Eat: Chunk             ||    10
Armor: Leather armour    ||    14
Dodge: Dodged            ||    39
